Workbook

Sheet Matriz
B2: Escala de probabilidades
B3: | | C3: DESCRIPTOR | D3: DESCRIPCIÓN | E3: FRECUENCIA | J3: Matriz de riesgos adversos
B4: 1 | C4: Raro | D4: El evento puede ocurrir solo en circunstancias excepcionales. | E4: No se ha presentado en los últimos 5 años. | I4: Probabilidad | J4: Casi Cierto | K4: 5 | L4: 25 | M4: 50 | N4: 100
B5: 2 | C5: Improbable | D5: El evento puede ocurrir en algún momento. | E5: Se presentó una vez en los últimos 5 años | J5: Probable | K5: 4 | L5: 20 | M5: 40 | N5: 80
B6: 3 | C6: Posible | D6: El evento podría ocurrir en algún momento. | E6: Se presentó una vez en los últimos 2 años | J6: Posible | K6: 3 | L6: 15 | M6: 30 | N6: 60
B7: 4 | C7: Probable | D7: El evento probablemente ocurrirá en la mayoría de las circunstancias. | E7: Se presentó una vez en el último año. | J7: Improbable | K7: 2 | L7: 10 | M7: 20 | N7: 40
B8: 5 | C8: Casi Cierto | D8: Se espera que el evento ocurra en la mayoría de las circunstancias. | E8: Se ha presentado. más de una vez al año. | J8: Raro | K8: 1 | L8: 5 | M8: 10 | N8: 20
L9: 5 | M9: 10 | N9: 20
B10: Escala de consecuencias cuantitativas | L10: Moderado | M10: Mayor | N10: Catastrófico
B11: Calificación Cuantitativa | C11: 5 | D11: 10 | E11: 20 | L11: Consecuencias
C12: Moderado | D12: Mayor | E12: Catastrófico
C13: Los sobrecostos no representan más del 5% del valor del contrato. | D13: Genera un impacto sobre el valor del contrato entre el 5% y el 30%. | E13: El Impacto sobre el valor del contrato supera el 30% del valor del contrato. | L13: Categoría del riesgo
L14: Valoración del riesgo | M14: Categoría
L15: 60, 80 y 100 | M15: Riesgo Extremo
B16: Escala de consecuencias cualitativas | L16: 30,40 y 50 | M16: Riesgo alto
C17: Consecuencias | L17: 15, 20 y 25 | M17: Riesgo moderado
B18: Calificación Cualitativa | C18: Dificulta la ejecución del contrato de manera baja. Aplicando medidas mínimas se puede lograr el objeto contractual | D18: Obstruye la ejecución del contrato sustancialmente pera aun así permite la consecución del objeto contractual | E18: Perturba la ejecución del contrato de manera grave imposibilitando la consecución del objeto contractual | L18: 5 y 10 | M18: Riesgo bajo
C20: 5 | D20: 10 | E20: 20 | L20: Fuente | N20: Etapa
C21: Moderado | D21: Mayor | E21: Catastrófico | L21: Interna | N21: Planeación
L22: Externa | N22: Pre-Contractual
B23: Valoración del riesgo | N23: Contractual
B24: PROBABILIDAD | D24: CONSECUENCIA | G24: CALIFICACIÓN | L24: Tipo | N24: Liquidación
B25: Casi Cierto | C25: 5 | D25: Moderado | E25: 5 | G25: =B25&D25 -> Casi CiertoModerado | H25: =IF(AND(I25>=5,I25<=10),$M$18,IF(AND(I25>10,I25<=25),$M$17,IF(AND(I25>25,I25<=50),$M$16,IF(AND(I25>50,I25<=100),$M$15,REVISAR)))) -> Riesgo moderado | I25: =C25*E25 -> 25 | L25: Económicos
B26: Casi Cierto | C26: 5 | D26: Mayor | E26: 10 | G26: =B26&D26 -> Casi CiertoMayor | H26: =IF(AND(I26>=5,I26<=10),$M$18,IF(AND(I26>10,I26<=25),$M$17,IF(AND(I26>25,I26<=50),$M$16,IF(AND(I26>50,I26<=100),$M$15,REVISAR)))) -> Riesgo alto | I26: =C26*E26 -> 50 | L26: Tecnológicos e Infraestructura pública | N26: Clase
B27: Casi Cierto | C27: 5 | D27: Catastrófico | E27: 20 | G27: =B27&D27 -> Casi CiertoCatastrófico | H27: =IF(AND(I27>=5,I27<=10),$M$18,IF(AND(I27>10,I27<=25),$M$17,IF(AND(I27>25,I27<=50),$M$16,IF(AND(I27>50,I27<=100),$M$15,REVISAR)))) -> Riesgo Extremo | I27: =C27*E27 -> 100 | L27: Sociales y Políticos | N27: General
B28: Probable | C28: 4 | D28: Moderado | E28: 5 | G28: =B28&D28 -> ProbableModerado | H28: =IF(AND(I28>=5,I28<=10),$M$18,IF(AND(I28>10,I28<=25),$M$17,IF(AND(I28>25,I28<=50),$M$16,IF(AND(I28>50,I28<=100),$M$15,REVISAR)))) -> Riesgo moderado | I28: =C28*E28 -> 20 | L28: Actos de la naturaleza | N28: Específico
B29: Probable | C29: 4 | D29: Mayor | E29: 10 | G29: =B29&D29 -> ProbableMayor | H29: =IF(AND(I29>=5,I29<=10),$M$18,IF(AND(I29>10,I29<=25),$M$17,IF(AND(I29>25,I29<=50),$M$16,IF(AND(I29>50,I29<=100),$M$15,REVISAR)))) -> Riesgo alto | I29: =C29*E29 -> 40 | L29: Hecho de las cosas
B30: Probable | C30: 4 | D30: Catastrófico | E30: 20 | G30: =B30&D30 -> ProbableCatastrófico | H30: =IF(AND(I30>=5,I30<=10),$M$18,IF(AND(I30>10,I30<=25),$M$17,IF(AND(I30>25,I30<=50),$M$16,IF(AND(I30>50,I30<=100),$M$15,REVISAR)))) -> Riesgo Extremo | I30: =C30*E30 -> 80 | L30: Operacionales
B31: Posible | C31: 3 | D31: Moderado | E31: 5 | G31: =B31&D31 -> PosibleModerado | H31: =IF(AND(I31>=5,I31<=10),$M$18,IF(AND(I31>10,I31<=25),$M$17,IF(AND(I31>25,I31<=50),$M$16,IF(AND(I31>50,I31<=100),$M$15,REVISAR)))) -> Riesgo moderado | I31: =C31*E31 -> 15 | L31: Financieros
B32: Posible | C32: 3 | D32: Mayor | E32: 10 | G32: =B32&D32 -> PosibleMayor | H32: =IF(AND(I32>=5,I32<=10),$M$18,IF(AND(I32>10,I32<=25),$M$17,IF(AND(I32>25,I32<=50),$M$16,IF(AND(I32>50,I32<=100),$M$15,REVISAR)))) -> Riesgo alto | I32: =C32*E32 -> 30 | L32: Regulatorios y Acciones Legales
B33: Posible | C33: 3 | D33: Catastrófico | E33: 20 | G33: =B33&D33 -> PosibleCatastrófico | H33: =IF(AND(I33>=5,I33<=10),$M$18,IF(AND(I33>10,I33<=25),$M$17,IF(AND(I33>25,I33<=50),$M$16,IF(AND(I33>50,I33<=100),$M$15,REVISAR)))) -> Riesgo Extremo | I33: =C33*E33 -> 60 | L33: Reputacional
B34: Improbable | C34: 2 | D34: Moderado | E34: 5 | G34: =B34&D34 -> ImprobableModerado | H34: =IF(AND(I34>=5,I34<=10),$M$18,IF(AND(I34>10,I34<=25),$M$17,IF(AND(I34>25,I34<=50),$M$16,IF(AND(I34>50,I34<=100),$M$15,REVISAR)))) -> Riesgo bajo | I34: =C34*E34 -> 10 | L34: Corrupción y Fraudes
B35: Improbable | C35: 2 | D35: Mayor | E35: 10 | G35: =B35&D35 -> ImprobableMayor | H35: =IF(AND(I35>=5,I35<=10),$M$18,IF(AND(I35>10,I35<=25),$M$17,IF(AND(I35>25,I35<=50),$M$16,IF(AND(I35>50,I35<=100),$M$15,REVISAR)))) -> Riesgo moderado | I35: =C35*E35 -> 20
B36: Improbable | C36: 2 | D36: Catastrófico | E36: 20 | G36: =B36&D36 -> ImprobableCatastrófico | H36: =IF(AND(I36>=5,I36<=10),$M$18,IF(AND(I36>10,I36<=25),$M$17,IF(AND(I36>25,I36<=50),$M$16,IF(AND(I36>50,I36<=100),$M$15,REVISAR)))) -> Riesgo alto | I36: =C36*E36 -> 40
B37: Raro | C37: 1 | D37: Moderado | E37: 5 | G37: =B37&D37 -> RaroModerado | H37: =IF(AND(I37>=5,I37<=10),$M$18,IF(AND(I37>10,I37<=25),$M$17,IF(AND(I37>25,I37<=50),$M$16,IF(AND(I37>50,I37<=100),$M$15,REVISAR)))) -> Riesgo bajo | I37: =C37*E37 -> 5
B38: Raro | C38: 1 | D38: Mayor | E38: 10 | G38: =B38&D38 -> RaroMayor | H38: =IF(AND(I38>=5,I38<=10),$M$18,IF(AND(I38>10,I38<=25),$M$17,IF(AND(I38>25,I38<=50),$M$16,IF(AND(I38>50,I38<=100),$M$15,REVISAR)))) -> Riesgo bajo | I38: =C38*E38 -> 10
B39: Raro | C39: 1 | D39: Catastrófico | E39: 20 | G39: =B39&D39 -> RaroCatastrófico | H39: =IF(AND(I39>=5,I39<=10),$M$18,IF(AND(I39>10,I39<=25),$M$17,IF(AND(I39>25,I39<=50),$M$16,IF(AND(I39>50,I39<=100),$M$15,REVISAR)))) -> Riesgo moderado | I39: =C39*E39 -> 20

Sheet Arrecife y DF
A1: Identificación | I1: Valoración | M1: Tratamiento | P1: Monitoreo y revisión
A2: Nro. | B2: Clase | C2: Fuente | D2: Etapa | E2: Tipo | F2: Qué puede ocurrir | G2: Cuál puede ser la causa, el origen, o fuente del riesgo | H2: Cuáles pueden ser los efectos de la ocurrencia del riesgo | I2: Probabilidad | J2: Impacto | K2: Nivel de riesgo | L2: Encargado de gestionar el riesgo | M2: Tratamiento a implementar | N2: Cuándo se inicia | O2: Cuándo se completa | P2: ¿Cómo se realiza el monitoreo? | Q2: Periodicidad
A3: 1 | B3: Específico | C3: Interna | D3: Contractual | E3: Regulatorios y Acciones Legales | F3: Daños al ecosistema al rededor de la embarcación Mr. Goby | G3: Daños a lecho marino, coral, contaminación por sustancias, entre otras afectaciones al ecosistema. | H3: Multas, sanciones, suspensión de las actividades. | I3: Probable | J3: Mayor | K3: =VLOOKUP(I3&J3,Matriz!$G$25:$I$39,2,0) -> Riesgo alto | L3: Contratista. | M3: Control al cumplimiento de el plan de intervención a la embarcación y plan de manejo ambiental aprobado por CORALINA. | N3: Inicio de la etapa de ejecución. | O3: Fin de la ejecución. | P3: Control permanente y registro del cumplimiento de planes de intervención y planes de manejo ambiental establecidos. | Q3: Permanente durante la etapa de ejecución.
A4: 3 | B4: Específico | C4: Interna | D4: Contractual | E4: Operacionales | F4: Ruptura de la embarcación al momento de la maniobra de la embarcación Mr. Goby | G4: Durante las actividades de remoción, desguace, halada, transporte y disposición final de la embarcación se realice la ruptura de la embarcación generándose contaminación y daño al lecho marino y al arrecife coralino. | H4: Imposiblidiad de realizar la maniobra | I4: Improbable | J4: Catastrófico | K4: =VLOOKUP(I4&J4,Matriz!$G$25:$I$39,2,0) -> Riesgo alto | L4: Contratista. | M4: Revisión los criterios y aspectos técnicos con el asesoramiento experto de persona con experiencia en trámites marítimos.. | N4: Inicio de la etapa de ejecución. | O4: Fin de la ejecución. | P4: Control permanente y registro los planes de interveción y del cumplimiento del plan de trabajo establecido. | Q4: Permanente durante la etapa de ejecución.
A5: 7 | B5: Específico | C5: Interna | D5: Contractual | E5: Operacionales | F5: Afectaciones a la salud del personal. | G5: Durante las actividades de remoción, desguace, remolque, transporte y disposición final de la embarcación, el personal operativo puede sufrir lesiones, golpes, traumas, pérdida de conocimiento, cortaduras, ahogamientos entre otras afectaciones a la integridad física de la persona. | H5: Demandas laborales, pagos de indemnizaciones, reprogramación de personal, retrasos en la ejecución de las actividades. | I5: Probable | J5: Mayor | K5: =VLOOKUP(I5&J5,Matriz!$G$25:$I$39,2,0) -> Riesgo alto | L5: Contratista | M5: Contar con plan se seguridad y salud en el trabajo, uso de elementos de protección personal, contar con brigada de primeros auxilios. Póliza de salarios, prestaciones sociales e indemnizaciones laborales. | N5: Inicio de la etapa de ejecución. | O5: Fin de la ejecución. | P5: Supervisión del cumplimiento del planes de salud y seguridad en el trabajo y uso de los elementos de protección personal. | Q5: Permanente durante la etapa de ejecución.
A6: 9 | B6: Específico | C6: Externa | D6: Contractual | E6: Actos de la naturaleza | F6: Condiciones climatológicas y marítimas adversas. | G6: Tormentas, mar de leva, cambios bruscos de la marea, lluvias fuertes, entre otros. | H6: Retrasos en el desarrollo de las actividades. | I6: Casi Cierto | J6: Mayor | K6: =VLOOKUP(I6&J6,Matriz!$G$25:$I$39,2,0) -> Riesgo alto | L6: Contratista/Contratante. | M6: Revisión permanente de condiciones y pronósticos climatológicos. Contar con planes de contingencia y continuidad del negocio. | N6: Inicio de la etapa de ejecución. | O6: Fin de la ejecución. | P6: Control diario de condiciones y pronósticos climatológicos durante la ejecución de la maniobra. | Q6: Control diario durante la etapa de ejecución.
A7: 4 | B7: Específico | C7: Interna | D7: Contractual | E7: Operacionales | F7: Daño y/o perjuicios a terceros en sus bienes o en sus personas. | G7: Durante la ejecución de las actividades del contrato, se pueden causar daños a personas ya sea a bienes de su propiedad o daños a su integridad y salud. | H7: Demandas civiles, pagos de indemnizaciones, suspensión de actividades. | I7: Raro | J7: Mayor | K7: =VLOOKUP(I7&J7,Matriz!$G$25:$I$39,2,0) -> Riesgo bajo | L7: Contratista. | M7: Contar con seguro de responsabilidad civil extracontractual. | N7: Inicio de la etapa de ejecución. | O7: Fin de la ejecución. | P7: Revisión de planes, procedimientos y procesos del contrato. | Q7: Permanente durante la etapa de ejecución.
A8: 5 | B8: Específico | C8: Interna | D8: Planeación | E8: Operacionales | F8: Ausencia de personal clave. | G8: Durante la ejecución del contrato podría presentar enfermedad, tener un accidente incapacitante o cualquier razón que impida la disponibilidad del personal. | H8: Dificultades en la ejecución de las actividades a cargo del contratista. | I8: Raro | J8: Mayor | K8: =VLOOKUP(I8&J8,Matriz!$G$25:$I$39,2,0) -> Riesgo bajo | L8: Contratista | M8: Contar con planes de contingencia y continuidad del negocio. | N8: Inicio de la etapa de ejecución. | O8: Fin de la ejecución. | P8: Revisión de planes, procedimientos y procesos del contrato - Supervisión. | Q8: Permanente durante la etapa de ejecución.
A9: 8 | B9: Específico | C9: Interna | D9: Contractual | E9: Operacionales | F9: Daños y pérdida de equipos, maquinaria y embarcaciones empleadas en la ejecución de las actividades. | G9: Avería, rotura, golpes, colisión, hundimiento, hurto, entre otros que pueda sufrir el equipo, maquinaria y embarcaciones empleadas en las actividades. | H9: Dedicación de recursos para reparaciones, retrasos en la ejecución de las actividades. | I9: Raro | J9: Moderado | K9: =VLOOKUP(I9&J9,Matriz!$G$25:$I$39,2,0) -> Riesgo bajo | L9: Contratista | M9: Controles al funcionamiento del equipo y la maquinaria. Contar con planes de contingencia y continuidad del negocio. Póliza P&I. | N9: Inicio de la etapa de ejecución. | O9: Fin de la ejecución. | P9: Revisión de procedimientos y procesos de operación de equipos. | Q9: Permanente.
A10: 12 | B10: General | C10: Externa | D10: Contractual | E10: Económicos | F10: Fluctuación de los precios de insumos y recursos requeridos para la ejecución de las actividades. | G10: Durante la ejecución del contrato se presentan variaciones en los precios de los recurso en insumos requeridos para la ejecución de las actividades, principalmente los combustibles y suministros de equipos de corte submarinos. | H10: Mayor dedicación de recursos para atender incrementos en los costos. | I10: Raro | J10: Moderado | K10: =VLOOKUP(I10&J10,Matriz!$G$25:$I$39,2,0) -> Riesgo bajo | L10: Contratista | N10: Planeación. | O10: Fin de la ejecución. | P10: Revisión de costos desde la estructuración de la oferta y control manual hasta la terminación del plazo de ejecución. | Q10: Mensual desde la planeación hasta el fin de la ejecución.
A11: 2 | B11: Específico | C11: Interna | D11: Contractual | E11: Operacionales | F11: Derrame de líquidos o fluidos y/o combustibles que eventualmente, contenga la embarcación Mr. Goby | G11: Durante las actividades de remoción, desguace y halada se rompen contenedores de los líquidos, fluidos y combustibles de la embarcación Mr Goby intervenidas derivando su derrame en el mar. | H11: Afectaciones ambientales, necesidad de invertir recursos en la recuperación y control de los derrames, suspensión de las actividades, multas. | I11: Posible | J11: Catastrófico | K11: =VLOOKUP(I11&J11,Matriz!$G$25:$I$39,2,0) -> Riesgo Extremo | L11: Contratista. | M11: Control al cumplimiento de el plan de intervención a la embarcación y plan de manejo ambiental aprobado por CORALINA. | N11: Inicio de la etapa de ejecución. | O11: Fin de la ejecución. | P11: Control permanente y registro del cumplimiento de planes de intervención y planes de manejo ambiental establecidos. | Q11: Permanente durante la etapa de ejecución.
A12: 6 | B12: Específico | C12: Interna | D12: Contractual | E12: Operacionales | F12: Accidentes del personal operativo del contrato. | G12: Durante las actividades de remoción, desguace, remolque, transporte y disposición final de la embarcación, el personal operativo puede sufrir lesiones, golpes, traumas, pérdida de conocimiento, cortaduras, ahogamientos entre otras afectaciones a la integridad física de la persona. | H12: Demandas laborales, pagos de indemnizaciones, reprogramación de personal, retrasos en la ejecución de las actividades. | I12: Probable | J12: Catastrófico | K12: =VLOOKUP(I12&J12,Matriz!$G$25:$I$39,2,0) -> Riesgo Extremo | L12: Contratista | M12: Contar con plan se seguridad y salud en el trabajo, uso de elementos de protección personal, contar con brigada de primeros auxilios. Póliza de salarios, prestaciones sociales e indemnizaciones laborales. | N12: Inicio de la etapa de ejecución. | O12: Fin de la ejecución. | P12: Supervisión del cumplimiento del planes de salud y seguridad en el trabajo y uso de los elementos de protección personal. | Q12: Permanente durante la etapa de ejecución.
A13: 10 | B13: Específico | C13: Interna | D13: Contractual | E13: Operacionales | F13: Dificultades, demoras, y/o negación del plan de intervención y plan de manejo ambiental de la embarcación. | G13: CORALINA pide ajustes al plan de manejo ambiental y de intervención a las embarcaciones o no aprueba dicho plan, incluso cuando el contratista realiza todos los tramites en debida forma. | H13: Retraso en el proceso de inicio de actividades de intervención a las embarcaciones por ajustes al plan de intervención y manejo ambiental. | I13: Casi Cierto | J13: Catastrófico | K13: =VLOOKUP(I13&J13,Matriz!$G$25:$I$39,2,0) -> Riesgo Extremo | L13: Contratista/Contratante. | M13: Revisión los criterios y requisitos de plan de intervención y manejo ambiental, asesoramiento experto de persona con experiencia relacionada en autoridad ambiental.. | N13: Inicio etapa de planeación | O13: Fin etapa de planeación. | P13: Revisión a los criterio y requisitos del los planes requeridos. | Q13: Permanente durante el proceso de actualización del plan de manejo ambiental.
A14: 13 | B14: Específico | C14: Interna | D14: Contractual | E14: Operacionales | F14: Dificultades, obstáculos de autoridad y/o retrasos en la disposición final de la embarcación definidas para este efecto. | G14: Demoras en la obtención de permisos en los lugares de disposición final, restricciones en el proceso de transporte terrestre para la disposición final, demoras en tramites de salidas del puerto a donde llegan las embarcaciones luego del proceso de remoción. | H14: Retraso en el proceso de disposición final de la embarcación Mr. Goby | I14: Casi Cierto | J14: Catastrófico | K14: =VLOOKUP(I14&J14,Matriz!$G$25:$I$39,2,0) -> Riesgo Extremo | L14: Contratista. | M14: Adelantar trámites de operación de disposición final de la embarcación. | N14: Inicio de la etapa de ejecución. | O14: Fin de la ejecución. | P14: Revisión semanal del estado de tramite de permisos y trámites necesarios para el proceso de disposición final. | Q14: Permanente durante la etapa de ejecución.
A15: 11 | B15: Específico | C15: Interna | D15: Contractual | E15: Operacionales | F15: Sobre costos en la operación por causas atribuibles al contratista. | G15: El contratista realiza un estimación de precios por debajo de lo realmente requerido para la ejecución del contrato. | H15: Necesidad de reforzar recursos por parte del contratista para el cumplimiento de las obligaciones. | I15: Raro | J15: Catastrófico | K15: =VLOOKUP(I15&J15,Matriz!$G$25:$I$39,2,0) -> Riesgo moderado | L15: Contratista. | M15: Contemplar variaciones de costos en la propuesta. | N15: Inicio de la etapa de ejecución. | O15: Fin de la ejecución. | P15: Revisión de costos desde la estructuración de la oferta y control mensual hasta la terminación del plazo de ejecución. | Q15: Mensual desde la planeación hasta el fin de la ejecución.

Sheet Remoción y Disp F
A1: Identificación | I1: Valoración | M1: Tratamiento | P1: Monitoreo y revisión
A2: Nro. | B2: Clase | C2: Fuente | D2: Etapa | E2: Tipo | F2: Qué puede ocurrir | G2: Cuál puede ser la causa, el origen, o fuente del riesgo | H2: Cuáles pueden ser los efectos de la ocurrencia del riesgo | I2: Probabilidad | J2: Impacto | K2: Nivel de riesgo | L2: Encargado de gestionar el riesgo | M2: Tratamiento a implementar | N2: Cuándo se inicia | O2: Cuándo se completa | P2: ¿Cómo se realiza el monitoreo? | Q2: Periodicidad
A3: 1 | B3: Específico | C3: Interna | D3: Contractual | E3: Operacionales | F3: Daño al arrecife coralino al momento de realizar las maniobras | G3: Durante la ejecución de las actividades de alistamiento se puede presentar afectación al entorno coralino que rodea la embarcación | H3: Sanciones administrativas provenientes de la autoridad ambiental, suspensión de actividades. | I3: Probable | J3: Mayor | K3: =VLOOKUP(I3&J3,Matriz!$G$25:$I$39,2,0) -> Riesgo alto | L3: Contratista | M3: Revisión los criterios y aspectos técnicos con el asesoramiento experto de persona con experiencia en trámites marítimos.. | N3: Inicio de la etapa de ejecución. | O3: Fin de la ejecución. | P3: Control permanente y registro los planes de interveción y del cumplimiento del plan de trabajo establecido. | Q3: Permanente durante la etapa de ejecución.
A4: 3 | B4: Específico | C4: Interna | D4: Contractual | E4: Operacionales | F4: Ruptura de la embarcación al momento de la maniobra de la embarcación Mr. Goby | G4: Durante las actividades de remoción, desguace, halada, transporte y disposición final de la embarcación se realice la ruptura de la embarcación generándose contaminación y daño al lecho marino y al arrecife coralino. | H4: Imposiblidiad de realizar la maniobra | I4: Raro | J4: Catastrófico | K4: =VLOOKUP(I4&J4,Matriz!$G$25:$I$39,2,0) -> Riesgo moderado | L4: Contratista. | M4: Revisión los criterios y aspectos técnicos con el asesoramiento experto de persona con experiencia en trámites marítimos.. | N4: Inicio de la etapa de ejecución. | O4: Fin de la ejecución. | P4: Control permanente y registro los planes de interveción y del cumplimiento del plan de trabajo establecido. | Q4: Permanente durante la etapa de ejecución.
A5: 2 | B5: Específico | C5: Interna | D5: Contractual | E5: Operacionales | F5: Derrame de líquidos o fluidos y/o combustibles que eventualmente, contenga la embarcación Mr Goby | G5: Durante las actividades de remoción, desguace, se rompen contenedores de los líquidos, fluidos y combustibles de la embarcación Mr Goby intervenidas derivando su derrame en el mar. | H5: Afectaciones ambientales, necesidad de invertir recursos en la recuperación y control de los derrames, suspensión de las actividades, multas. | I5: Posible | J5: Catastrófico | K5: =VLOOKUP(I5&J5,Matriz!$G$25:$I$39,2,0) -> Riesgo Extremo | L5: Contratista. | M5: Control al cumplimiento de el plan de intervención a la embarcación y plan de manejo ambiental aprobado por CORALINA. | N5: Inicio de la etapa de ejecución. | O5: Fin de la ejecución. | P5: Control permanente y registro del cumplimiento de planes de intervención y planes de manejo ambiental establecidos. | Q5: Permanente durante la etapa de ejecución.
A6: 3 | B6: Específico | C6: Interna | D6: Contractual | E6: Operacionales | F6: Daño y/o perjuicios a terceros en sus bienes o en sus personas. | G6: Durante la ejecución de las actividades del contrato, se pueden causar daños a personas ya sea a bienes de su propiedad o daños a su integridad y salud. | H6: Demandas civiles, pagos de indemnizaciones, suspensión de actividades. | I6: Improbable | J6: Catastrófico | K6: =VLOOKUP(I6&J6,Matriz!$G$25:$I$39,2,0) -> Riesgo alto | L6: Contratista. | M6: Contar con seguro de responsabilidad civil extracontractual. | N6: Inicio de la etapa de ejecución. | O6: Fin de la ejecución. | P6: Revisión de planes, procedimientos y procesos del contrato. | Q6: Permanente durante la etapa de ejecución.
A7: 4 | B7: Específico | C7: Interna | D7: Planeación | E7: Operacionales | F7: Ausencia de personal clave. | G7: Durante la ejecución del contrato podría presentar enfermedad, tener un accidente incapacitante o cualquier razón que impida la disponibilidad del personal. | H7: Dificultades en la ejecución de las actividades a cargo del contratista. | I7: Raro | J7: Mayor | K7: =VLOOKUP(I7&J7,Matriz!$G$25:$I$39,2,0) -> Riesgo bajo | L7: Contratista | M7: Contar con planes de contingencia y continuidad del negocio. | N7: Inicio de la etapa de ejecución. | O7: Fin de la ejecución. | P7: Revisión de planes, procedimientos y procesos del contrato - Supervisión. | Q7: Permanente durante la etapa de ejecución.
A8: 5 | B8: Específico | C8: Interna | D8: Contractual | E8: Operacionales | F8: Accidentes del personal operativo del contrato. | G8: Durante las actividades de remoción, desguace, transporte y disposición final de la embarcación, el personal operativo puede sufrir lesiones, golpes, traumas, pérdida de conocimiento, cortaduras, ahogamientos entre otras afectaciones a la integridad física de la persona. | H8: Demandas laborales, pagos de indemnizaciones, reprogramación de personal, retrasos en la ejecución de las actividades. | I8: Raro | J8: Mayor | K8: =VLOOKUP(I8&J8,Matriz!$G$25:$I$39,2,0) -> Riesgo bajo | L8: Contratista | M8: Contar con plan se seguridad y salud en el trabajo, uso de elementos de protección personal, contar con brigada de primeros auxilios. Póliza de salarios, prestaciones sociales e indemnizaciones laborales. | N8: Inicio de la etapa de ejecución. | O8: Fin de la ejecución. | P8: Supervisión del cumplimiento del planes de salud y seguridad en el trabajo y uso de los elementos de protección personal. | Q8: Permanente durante la etapa de ejecución.
A9: 6 | B9: Específico | C9: Interna | D9: Contractual | E9: Operacionales | F9: Afectaciones a la salud del personal. | G9: Durante las actividades de remoción, desguace, transporte y disposición final de la embarcación, el personal operativo puede sufrir lesiones, golpes, traumas, pérdida de conocimiento, cortaduras, ahogamientos entre otras afectaciones a la integridad física de la persona. | H9: Demandas laborales, pagos de indemnizaciones, reprogramación de personal, retrasos en la ejecución de las actividades. | I9: Probable | J9: Catastrófico | K9: =VLOOKUP(I9&J9,Matriz!$G$25:$I$39,2,0) -> Riesgo Extremo | L9: Contratista | M9: Contar con plan se seguridad y salud en el trabajo, uso de elementos de protección personal, contar con brigada de primeros auxilios. Póliza de salarios, prestaciones sociales e indemnizaciones laborales. | N9: Inicio de la etapa de ejecución. | O9: Fin de la ejecución. | P9: Supervisión del cumplimiento del planes de salud y seguridad en el trabajo y uso de los elementos de protección personal. | Q9: Permanente durante la etapa de ejecución.
A10: 7 | B10: Específico | C10: Interna | D10: Contractual | E10: Operacionales | F10: Daños y pérdida de equipos, maquinaria y embarcaciones empleadas en la ejecución de las actividades. | G10: Avería, rotura, golpes, colisión, hundimiento, hurto, entre otros que pueda sufrir el equipo, maquinaria y embarcaciones empleadas en las actividades. | H10: Dedicación de recursos para reparaciones, retrasos en la ejecución de las actividades. | I10: Probable | J10: Mayor | K10: =VLOOKUP(I10&J10,Matriz!$G$25:$I$39,2,0) -> Riesgo alto | L10: Contratista | M10: Controles al funcionamiento del equipo y la maquinaria. Contar con planes de contingencia y continuidad del negocio. Póliza P&I. | N10: Inicio de la etapa de ejecución. | O10: Fin de la ejecución. | P10: Revisión de procedimientos y procesos de operación de equipos. | Q10: Permanente.
A11: 8 | B11: Específico | C11: Externa | D11: Contractual | E11: Actos de la naturaleza | F11: Condiciones climatológicas y marítimas adversas. En la maniobra o en el trayecto a Cartagena | G11: Tormentas, mar de leva, cambios bruscos de la marea, lluvias fuertes, entre otros. | H11: Retrasos en el desarrollo de las actividades. | I11: Posible | J11: Mayor | K11: =VLOOKUP(I11&J11,Matriz!$G$25:$I$39,2,0) -> Riesgo alto | L11: Contratista/Contratante. | M11: Revisión permanente de condiciones y pronósticos climatológicos. Contar con planes de contingencia y continuidad del negocio. | N11: Inicio de la etapa de ejecución. | O11: Fin de la ejecución. | P11: Control diario de condiciones y pronósticos climatológicos durante la ejecución de la maniobra. | Q11: Control diario durante la etapa de ejecución.
A12: 9 | B12: Específico | C12: Interna | D12: Contractual | E12: Operacionales | F12: Dificultades, demoras, y/o negación del plan de intervención y plan de manejo ambiental de la embarcación. | G12: CORALINA pide ajustes al plan de manejo ambiental y de intervención a las embarcaciones o no aprueba dicho plan, incluso cuando el contratista realiza todos los tramites en debida forma. | H12: Retraso en el proceso de inicio de actividades de intervención a las embarcaciones por ajustes al plan de intervención y manejo ambiental. | I12: Casi Cierto | J12: Mayor | K12: =VLOOKUP(I12&J12,Matriz!$G$25:$I$39,2,0) -> Riesgo alto | L12: Contratista/Contratante. | M12: Revisión los criterios y requisitos de plan de intervención y manejo ambiental, asesoramiento experto de persona con experiencia relacionada en autoridad ambiental.. | N12: Inicio etapa de planeación | O12: Fin etapa de planeación. | P12: Revisión a los criterio y requisitos del los planes requeridos. | Q12: Permanente durante el proceso de actualización del plan de manejo ambiental.
A13: 10 | B13: Específico | C13: Interna | D13: Contractual | E13: Operacionales | F13: Sobre costos en la operación por causas atribuibles al contratista. | G13: El contratista realiza un estimación de precios por debajo de lo realmente requerido para la ejecución del contrato. | H13: Necesidad de reforzar recursos por parte del contratista para el cumplimiento de las obligaciones. | I13: Casi Cierto | J13: Catastrófico | K13: =VLOOKUP(I13&J13,Matriz!$G$25:$I$39,2,0) -> Riesgo Extremo | L13: Contratista. | M13: Contemplar variaciones de costos en la propuesta. | N13: Inicio de la etapa de ejecución. | O13: Fin de la ejecución. | P13: Revisión de costos desde la estructuración de la oferta y control mensual hasta la terminación del plazo de ejecución. | Q13: Mensual desde la planeación hasta el fin de la ejecución.
A14: 11 | B14: General | C14: Externa | D14: Contractual | E14: Económicos | F14: Fluctuación de los precios de insumos y recursos requeridos para la ejecución de las actividades. | G14: Durante la ejecución del contrato se presentan variaciones en los precios de los recurso en insumos requeridos para la ejecución de las actividades, principalmente los combustibles y suministros de equipos de corte submarinos. | H14: Mayor dedicación de recursos para atender incrementos en los costos. | I14: Raro | J14: Catastrófico | K14: =VLOOKUP(I14&J14,Matriz!$G$25:$I$39,2,0) -> Riesgo moderado | L14: Contratista | N14: Planeación. | O14: Fin de la ejecución. | P14: Revisión de costos desde la estructuración de la oferta y control manual hasta la terminación del plazo de ejecución. | Q14: Mensual desde la planeación hasta el fin de la ejecución.
A15: 12 | B15: Específico | C15: Interna | D15: Contractual | E15: Operacionales | F15: Dificultades, obstáculos de autoridad y/o retrasos en la disposición final de la embarcacioón definidas para este efecto. | G15: Demoras en la obtención de permisos en los lugares de disposición final, restricciones en el proceso de transporte terrestre para la disposición final, demoras en tramites de salidas del puerto a donde llegan las embarcaciones luego del proceso de remoción. | H15: Retraso en el proceso de disposición final de la embarcación Mr. Goby | I15: Casi Cierto | J15: Catastrófico | K15: =VLOOKUP(I15&J15,Matriz!$G$25:$I$39,2,0) -> Riesgo Extremo | L15: Contratista. | M15: Adelantar trámites de operación de disposición final de la embarcación. | N15: Inicio de la etapa de ejecución. | O15: Fin de la ejecución. | P15: Revisión semanal del estado de tramite de permisos y trámites necesarios para el proceso de disposición final. | Q15: Permanente durante la etapa de ejecución.
A16: 13 | B16: Específico | C16: Interna | D16: Contractual | E16: Operacionales | F16: Daño a infraestructura del puerto de destino de la embarcación en Cartagena. | G16: En el proceso de descargue de embarcaciones en el puerto de destino se pueden presentar daños y afectaciones al infraestructura de dicho puerto. | H16: Destinación de recursos para reparar las daños causados. | I16: Posible | J16: Moderado | K16: =VLOOKUP(I16&J16,Matriz!$G$25:$I$39,2,0) -> Riesgo moderado | L16: Contratista. | M16: Contar con seguro de Responsabilidad Civil Extracontractual. Contar con Póliza P&I. | N16: Inicio de la etapa de ejecución. | O16: Fin de la ejecución. | P16: Revisión de planes, procedimientos y procesos del contrato. | Q16: Permanente durante la etapa de ejecución.
A17: 14 | B17: Específico | C17: Interna | D17: Contractual | E17: Operacionales | F17: Caída o pérdida de partes de embaración Mr Goby en el trayecto San Andrés - Cartagena. | G17: Durante el trasporte de la embarcación removida se pueden presentar caídas de las mismas al mar. | H17: Reposición por el valor de chatarra de las embarcaciones caídas al mar. | I17: Raro | J17: Mayor | K17: =VLOOKUP(I17&J17,Matriz!$G$25:$I$39,2,0) -> Riesgo bajo | L17: Contratista. | M17: Contar con seguro de Transporte de Mercancías. | N17: Inicio de la etapa de ejecución. | O17: Fin de la ejecución. | P17: Revisión de planes, procedimientos y procesos del contrato. | Q17: Permanente durante la etapa de ejecución.

Sheet Hoja2
C1: Arrecife | D1: Remoscion
C2: Daños al ecosistema al rededor de la embarcación Mr. Goby | D2: Daño al arrecife coralino al momento de realizar las maniobras
C3: Derrame de líquidos o fluidos y/o combustibles que eventualmente, contenga la embarcación Mr. Goby | D3: Derrame de líquidos o fluidos y/o combustibles que eventualmente, contenga la embarcación Mr Goby
C4: Ruptura de la embarcación al momento de la maniobra de la embarcación Mr. Goby
C5: Daño y/o perjuicios a terceros en sus bienes o en sus personas. | D5: Daño y/o perjuicios a terceros en sus bienes o en sus personas.
C6: Ausencia de personal clave. | D6: Ausencia de personal clave.
C7: Accidentes del personal operativo del contrato. | D7: Accidentes del personal operativo del contrato.
C8: Afectaciones a la salud del personal. | D8: Afectaciones a la salud del personal.
C9: Daños y pérdida de equipos, maquinaria y embarcaciones empleadas en la ejecución de las actividades. | D9: Daños y pérdida de equipos, maquinaria y embarcaciones empleadas en la ejecución de las actividades.
C10: Condiciones climatológicas y marítimas adversas. | D10: Condiciones climatológicas y marítimas adversas.
C11: Dificultades, demoras, y/o negación del plan de intervención y plan de manejo ambiental de la embarcación. | D11: Dificultades, demoras, y/o negación del plan de intervención y plan de manejo ambiental de la embarcación.
C12: Sobre costos en la operación por causas atribuibles al contratista. | D12: Sobre costos en la operación por causas atribuibles al contratista.
C13: Fluctuación de los precios de insumos y recursos requeridos para la ejecución de las actividades. | D13: Fluctuación de los precios de insumos y recursos requeridos para la ejecución de las actividades.
C14: Dificultades, obstáculos de autoridad y/o retrasos en la disposición final de la embarcación definidas para este efecto. | D14: Dificultades, obstáculos de autoridad y/o retrasos en la disposición final de la embarcacioón definidas para este efecto.
D15: Daño a infraestructura del puerto de destino de la embarcación en Cartagena.
D16: Caída o pérdida de la embaración Mr Goby en el trayecto San Andrés - Cartagena.
